 Dungeon Crawl Stone Soup version 0.20.0-10-g0535bb4 (webtiles) character file.

64071 Mitigate the Severer (level 15, -5/138 HPs)
             Began as a Hill Orc Fighter on June 7, 2017.
             Was the Champion of Kikubaaqudgha.
             Slain by a komodo dragon (26 damage)
             ... on level 1 of the Swamp.
             The game lasted 01:56:44 (25865 turns).

Mitigate the Severer (Hill Orc Fighter)            Turns: 25865, Time: 01:56:45

Health: -5/138     AC: 16    Str: 20    XL:     15   Next: 11%
Magic:  0/15       EV: 16    Int:  4    God:    Kikubaaqudgha [******]
Gold:   1329       SH:  0    Dex: 21    Spells: 13/14 levels left

rFire    . . .     SeeInvis .   F - +7 battleaxe (pain)
rCold    + . .     Gourm    .   (shield currently unavailable)
rNeg     . . .     Faith    .   Z - +3 scale mail of Darkness {rElec rC+ Str-2 Dex+4}
rPois    +         Spirit   +   J - +3 helmet of Onosch {rPois Regen+ Int-4}
rElec    +         Reflect  .   a - scarf {Spirit}
rCorr    .         Harm     +   P - +0 pair of gloves of the Slorg {Dex+3} (curse)
MR       +....                  (no boots)
Stlth    ..........             q - amulet of harm
Regen    0.8/turn               B - +2 ring of evasion
MPRegen  0.2/turn               R - +2 ring of slaying

@: slowed, very slow
A: no striking features
a: Receive Corpses, Torment, Renounce Religion


You were on level 1 of the Swamp.
You worshipped Kikubaaqudgha.
Kikubaaqudgha was exalted by your worship.
You were not hungry.

You visited 4 branches of the dungeon, and saw 22 of its levels.
You visited 1 bazaar.

You collected 2142 gold pieces.
You spent 813 gold pieces at shops.

Inventory:

Hand Weapons
 F - a +7 battleaxe of pain (weapon)
Missiles
 j - 593 stones (quivered)
Armour
 a - a scarf of spirit shield (worn)
 g - +0 acid dragon scales
 D - a +2 pair of gloves
 J - the +3 helmet of Onosch (worn) {rPois Regen+ Int-4}
   (You bought it in a shop on level 12 of the Dungeon)

   It affects your intelligence (-4).
   It protects you from poison.
   It increases your rate of regeneration.
 K - a +4 plate armour of fire resistance
 P - the cursed +0 pair of gloves of the Slorg (worn) {Dex+3}
   (You bought it in a shop in a bazaar)

   It affects your dexterity (+3).
   It has a curse placed upon it.
 S - the +0 cloak of the Moon {Stlth+}
   (You found it on level 9 of the Dungeon)

   It makes you more stealthy.
 T - +0 steam dragon scales
 Z - the +3 scale mail of Darkness (worn) {rElec rC+ Str-2 Dex+4}
   (You found it on level 1 of the Lair of Beasts)

   It affects your strength (-2).
   It affects your dexterity (+4).
   It protects you from cold.
   It insulates you from electricity.
Jewellery
 q - an amulet of harm (around neck)
 B - a +2 ring of evasion (left hand)
 I - an uncursed amulet of rage
 M - an uncursed ring of protection from fire {unknown}
 R - a +2 ring of slaying (right hand)
Wands
 d - a wand of flame (9/48)
Scrolls
 b - a scroll of summoning
 c - a scroll of magic mapping
 e - 2 scrolls of blinking
 i - a scroll of fear
 k - 4 scrolls of immolation
 p - 11 scrolls of remove curse
 w - 9 scrolls of teleportation
 z - a scroll of recharging
 C - 2 scrolls of amnesia
 G - 2 scrolls of fog
 V - a scroll of vulnerability {unknown}
Potions
 l - 6 potions of lignification
 m - 11 potions of curing
 n - 3 potions of brilliance
 s - 3 potions of flight
 t - a potion of might
 u - a potion of ambrosia
 v - 3 potions of mutation
 E - a potion of resistance
 N - a potion of magic
 Q - a potion of berserk rage
 U - a potion of haste
 W - a potion of agility
Books
 O - a book of Flames

   Spells                             Type                      Level
   a - Flame Tongue                   Conjuration/Fire             1
   b - Throw Flame                    Conjuration/Fire             2
   c - Conjure Flame                  Conjuration/Fire             3
   d - Inner Flame                    Hexes/Fire                   3
   e - Sticky Flame                   Conjuration/Fire             4
   f - Fireball                       Conjuration/Fire             5
 Y - a Fen Folio

   Spells                             Type                      Level
   a - Corpse Rot                     Necromancy                   2
   b - Stone Arrow                    Conjuration/Earth            3
   c - Leda's Liquefaction            Hexes/Earth                  4
   d - Summon Forest                  Summoning/Translocation      5
   e - Hydra Form                     Transmutation                6
   f - Summon Hydra                   Summoning                    7
Comestibles
 f - 7 bread rations
 r - 12 royal jellies
 H - 18 fruits
 X - 5 meat rations


   Skills:
 + Level 14.0 Fighting
 - Level 19.8(20.5) Axes
   Level 8.5(13.9) Maces & Flails
 - Level 8.0 Armour
 - Level 5.4 Dodging
   Level 3.2 Shields
 + Level 11.7 Necromancy


You had 13 spell levels left.
You knew the following spells:

 Your Spells              Type           Power        Failure   Level  Hunger
a - Animate Skeleton      Necr           N/A          1%          1    ##.....


Dungeon Overview and Level Annotations

Branches:
Dungeon (14/15)            Temple (1/1) D:7            Lair (6/6) D:10
  Swamp (1/4) Lair:2       Spider (0/4) Lair:3        Slime (0/5) Lair:6
    Orc (0/2) D:12
 Vaults: D:13-14

Altars:
Ashenzari
Cheibriados
Dithmenos
Elyvilon
Fedhas
Gozag
Hepliaklqana
Kikubaaqudgha
Makhleb
Nemelex Xobeh
Okawaru
Qazlal
Ru
Sif Muna
Trog
Uskayaw
Vehumet
Xom
Yredelemnul
Zin
The Shining One

Shops:
D:7 !   D:12 :[

Annotations:
D:11 Sonja
Lair:1 exclusion: oklob plant


Message History

The alligator tail-slaps you but does no damage.
You closely miss the alligator.
The alligator is heavily wounded.
The alligator misses you. x2; The komodo dragon barely misses you.
The alligator bites you!! The alligator tail-slaps you.
You slash the alligator!
The alligator is severely wounded.
You hit the komodo dragon.
The komodo dragon writhes in agony.
The alligator bites you!
* * * LOW HITPOINT WARNING * * *
The alligator misses you.
The komodo dragon bites you but does no damage.
You closely miss the alligator.
The alligator is severely wounded.
You hit the komodo dragon.
The komodo dragon writhes in agony.
The alligator bites you!!
* * * LOW HITPOINT WARNING * * *
The alligator barely misses you. The komodo dragon bites you!!
You die...
Kikubaaqudgha rasps: "You have failed me!
Welcome... death!"

♣♣≈....♣ ≈ ....≈≈.♣
.≈≈≈.≈...≈≈≈.♣
♣♣♣♣♣♣♣..≈≈≈.≈..≈≈≈≈.♣
♣≈≈≈♣♣≈≈≈≈≈≈.♣♣♣≈...♣
≈≈≈.♣♣.≈≈≈≈≈.)..≈..♣
.≈≈.♣ ♣.≈≈≈..≈≈lt≈≈♣
≈≈.≈♣♣ ♣.....≈♣♣@.♣
.....♣♣♣≈≈≈≈..≈≈≈?♣
≈≈≈.♣♣♣<.≈≈≈)≈≈≈≈.♣
≈≈≈..≈†..≈≈...≈...♣♣
≈≈≈≈≈)..♣§≈≈♣♣...≈≈♣
.≈≈≈≈..♣♣♣.♣♣♣♣♣≈≈≈♣
......≈♣♣≈...≈♣♣≈≈♣♣
≈♣≈≈♣♣♣♣≈..≈≈≈≈♣♣♣♣
♣♣♣♣♣ ♣.≈≈≈≈≈.♣


You could see an alligator and a komodo dragon.

Vanquished Creatures
  The ghost of rageheart7 the Slicer, a journeyman OpAr of Dithmenos (Lair:3)
  A dire elephant (Lair:6)
  A fire dragon (Lair:6)
  6 hydras
  A catoblepas (Lair:6)
  An alligator (Swamp:1)
  3 death yaks (Lair:6)
  5 two-headed ogres
  The ghost of TwoGrow the Skirmisher, a novice DsMo of Nemelex Xobeh (D:8)
  A swamp dragon (Lair:6)
  A lindwurm (Lair:6)
  Pikel (D:6)
  A deep elf mage (D:12)
  3 manticores
  8 elephants
  A cyclops (D:12)
  5 black mambas
  Psyche (D:11)
  12 spiny frogs
  A gargoyle (D:12)
  8 rime drakes
  6 komodo dragons
  6 trolls
  A polar bear (Lair:4)
  A bog body (Swamp:1)
  18 dream sheep
  10 blink frogs
  13 hippogriffs
  13 wyverns
  5 wraiths
  A vampire (D:10)
  Eustachio (D:6)
  A human (D:9)
  29 yaks
  4 hogs (D:9)
  7 basilisks
  3 steam dragons
  6 vampire mosquitoes (D:13)
  An acid dragon (Lair:6)
  5 swamp worms (Lair:2)
  The ghost of TheNoid the Vexing, an amateur KoAM (D:3)
  Duvessa (D:7)
  17 water moccasins
  6 orc warriors
  A hell hound (Lair:4)
  A slave (D:6)
  6 porcupines
  3 ice beasts
  A hornet zombie (D:9)
  5 sky beasts
  3 black bears
  3 phantoms
  An eye of draining (D:13)
  6 ogres
  3 swamp drakes
  7 centaurs
  19 wolves
  9 crocodiles
  2 big kobolds (D:13)
  14 bullfrogs
  Blork the orc (D:6)
  3 scorpions
  A wyvern skeleton (D:13)
  Dowan (D:7)
  12 killer bees
  6 wights (D:12)
  3 electric eels
  8 howler monkeys
  8 crimson imps
  2 centaur zombies
  3 bullfrog zombies
  2 quasits
  6 orc priests
  3 jellies
  15 hounds
  3 bullfrog skeletons
  Jessica (D:3)
  3 centaur skeletons
  Ijyb (D:3)
  3 iguanas
  10 orc wizards
  7 hell rats (Lair:6)
  6 worker ants
  A hound zombie (D:10)
  7 gnolls
  10 adders
  4 shadow imps
  2 oozes
  An adder zombie (D:5)
  5 worms
  6 dart slugs
  4 leopard geckos
  39 orcs
  4 bats
  8 giant cockroaches
  3 goblins
  8 hobgoblins
  16 jackals
  2 quokkas
  A ball python (D:1)
  6 frilled lizards
  13 kobolds
  A leopard gecko skeleton (D:5)
  2 quokka skeletons (D:5)
  11 rats
  3 bushes
  4 fungi
  10 plants
582 creatures vanquished.

Vanquished Creatures (collateral kills)
  Josephine (Lair:6)
  A catoblepas (Lair:6)
  A deep elf mage (D:13)
  A spiny frog (Lair:3)
  A hippogriff (Lair:4)
  5 dream sheep (Lair:4)
  A wraith (Lair:6)
  4 yaks (Lair:6)
  2 basilisks (Lair:6)
  An acid dragon (D:13)
  A warg (Lair:3)
  A wolf (Lair:3)
  A bullfrog (Lair:5)
  An electric eel (Lair:4)
  A crimson imp (D:13)
  A hound (D:13)
  4 fungi
28 creatures vanquished.

Vanquished Creatures (others)
  2 slaves (D:6)
  A wyvern skeleton (D:6)
  An orc wizard (D:6)
  A jackal (D:6)
  3 fungi
  6 plants (Lair:6)
14 creatures vanquished.

Grand Total: 624 creatures vanquished

Notes
Turn   | Place    | Note
-------+----------+-------------------------------------------
     0 | D:1      | Mitigate the Hill Orc Fighter began the quest for the Orb.
     0 | D:1      | Reached XP level 1. HP: 19/19 MP: 1/1
   277 | D:1      | Reached XP level 2. HP: 26/26 MP: 2/2
   645 | D:1      | Reached XP level 3. HP: 31/31 MP: 3/3
   943 | D:2      | Found a snail-covered altar of Cheibriados.
  1048 | D:2      | Found a bloodstained altar of Trog.
  1107 | D:2      | Reached XP level 4. HP: 37/39 MP: 4/4
  1254 | D:2      | Reached skill level 5 in Maces & Flails
  1281 | D:2      | Found a glowing golden altar of the Shining One.
  1473 | D:3      | Noticed Ijyb
  1504 | D:3      | Killed Ijyb
  1548 | D:3      | Reached XP level 5. HP: 39/45 MP: 5/5
  1913 | D:3      | Noticed TheNoid's ghost (amateur KoAM)
  1959 | D:3      | Killed TheNoid's ghost
  1959 | D:3      | Reached XP level 6. HP: 38/51 MP: 6/6
  1991 | D:3      | Noticed Jessica
  1994 | D:3      | Killed Jessica
  2303 | D:3      | Found a shattered altar of Ashenzari.
  2305 | D:3      | Found a basalt altar of Yredelemnul.
  2384 | D:3      | Found a sacrificial altar of Ru.
  2385 | D:3      | Found an ancient bone altar of Kikubaaqudgha.
  2775 | D:4      | Reached XP level 7. HP: 34/57 MP: 7/7
  3197 | D:3      | Became a worshipper of Kikubaaqudgha
  3711 | D:5      | Entered Level 5 of the Dungeon
  3719 | D:5      | Reached skill level 1 in Axes
  3750 | D:5      | Reached skill level 2 in Axes
  3784 | D:5      | Found a stormy altar of Qazlal.
  3886 | D:5      | Reached skill level 3 in Axes
  4016 | D:5      | Reached skill level 4 in Axes
  4044 | D:5      | Reached skill level 5 in Axes
  4123 | D:5      | Reached XP level 8. HP: 53/64 MP: 8/8
  4281 | D:5      | Reached skill level 6 in Axes
  4843 | D:5      | Reached skill level 7 in Axes
  5667 | D:6      | Reached skill level 8 in Axes
  6124 | D:6      | Noticed Eustachio
  6133 | D:6      | Killed Eustachio
  6133 | D:6      | Reached skill level 9 in Axes
  6246 | D:6      | Noticed Blork the orc
  6275 | D:6      | Killed Blork the orc
  6340 | D:6      | Reached skill level 10 in Axes
  6348 | D:6      | Reached * piety under Kikubaaqudgha
  6348 | D:6      | Identified Kikubaaqudgha's Collected Works on Black Rites (Kikubaaqudgha gifted it to you on level 6 of the Dungeon)
  6348 | D:6      | Received a gift from Kikubaaqudgha
  6348 | D:6      | Reached XP level 9. HP: 23/70 MP: 9/9
  6358 | D:6      | Learned a level 1 spell: Animate Skeleton
  6579 | D:6      | Reached skill level 11 in Axes
  6763 | D:6      | Found a burning altar of Makhleb.
  6766 | D:6      | Noticed Pikel
  6782 | D:6      | Killed Pikel
  6782 | D:6      | Reached skill level 12 in Axes
  6953 | D:6      | Reached skill level 13 in Axes
  7589 | D:7      | Noticed Dowan
  7609 | D:7      | Killed Dowan
  7781 | D:7      | Noticed Duvessa
  7881 | D:7      | Found Imosirch's Distillery.
  7909 | D:7      | Bought a potion of berserk rage for 60 gold pieces
  7909 | D:7      | Bought a potion of might for 48 gold pieces
  7909 | D:7      | Bought a potion of berserk rage for 60 gold pieces
  8088 | D:7      | Killed Duvessa
  8088 | D:7      | Reached XP level 10. HP: 50/80 MP: 10/10
  8363 | D:7      | Reached skill level 14 in Axes
  8385 | D:7      | Reached skill level 5 in Fighting
  8478 | D:7      | Reached ** piety under Kikubaaqudgha
  8617 | D:7      | Found a staircase to the Ecumenical Temple.
  9001 | D:8      | Noticed TwoGrow's ghost (novice DsMo)
  9013 | D:8      | Killed TwoGrow's ghost
  9065 | D:8      | Found a hide-covered altar of Uskayaw.
  9078 | D:8      | Noticed a two-headed ogre
  9088 | D:8      | Killed a two-headed ogre
  9088 | D:8      | Reached skill level 15 in Axes
  9603 | D:9      | Noticed a two-headed ogre
  9611 | D:9      | Killed a two-headed ogre
  9756 | D:9      | Reached skill level 16 in Axes
  9759 | D:9      | Reached XP level 11. HP: 49/94 MP: 11/11
 10493 | D:9      | Noticed a two-headed ogre
 10833 | D:9      | Killed a two-headed ogre
 11003 | D:9      | Got a pitted cloak
 11009 | D:9      | Identified the +0 cloak of the Moon {Stlth+} (You found it on level 9 of the Dungeon)
 11269 | D:9      | Reached skill level 17 in Axes
 11497 | D:10     | Entered Level 10 of the Dungeon
 11978 | D:10     | Reached *** piety under Kikubaaqudgha
 11978 | D:10     | Identified Kikubaaqudgha's Compendium of Dark Arts (Kikubaaqudgha gifted it to you on level 10 of the Dungeon)
 11978 | D:10     | Received a gift from Kikubaaqudgha
 12297 | D:10     | Reached skill level 1 in Necromancy
 12306 | D:10     | Found a staircase to the Lair.
 13155 | D:11     | Noticed Psyche
 13544 | D:11     | Killed Psyche
 13693 | D:11     | Noticed a two-headed ogre
 13703 | D:11     | Killed a two-headed ogre
 13703 | D:11     | Reached skill level 5 in Necromancy
 13743 | D:11     | Noticed Sonja
 14077 | Lair:1   | Entered Level 1 of the Lair of Beasts
 14258 | Lair:1   | Reached XP level 12. HP: 79/105 MP: 12/12
 14835 | Lair:1   | Got a warped scale mail
 14846 | Lair:1   | Identified the +3 scale mail of Darkness {rElec rC+ Str-2 Dex+4} (You found it on level 1 of the Lair of Beasts)
 15268 | Lair:1   | Reached skill level 1 in Dodging
 15557 | Lair:2   | Reached **** piety under Kikubaaqudgha
 15689 | Lair:2   | Found a staircase to the Swamp.
 15693 | Lair:2   | Reached skill level 5 in Armour
 16825 | Lair:3   | Noticed rageheart7's ghost (journeyman OpAr)
 16867 | Lair:3   | Killed rageheart7's ghost
 16890 | Lair:3   | Found a hole to the Spider Nest.
 17410 | Lair:3   | Reached ***** piety under Kikubaaqudgha
 18071 | Lair:3   | Reached skill level 5 in Dodging
 18460 | Lair:4   | Reached XP level 13. HP: 102/111 MP: 13/13
 18568 | Lair:4   | Found a labyrinth entrance.
 18632 | Lair:3   | Reached skill level 18 in Axes
 19428 | D:12     | Found Puohiutu's Antique Armour Shoppe.
 19446 | D:12     | Bought a translucent helmet for 332 gold pieces
 19451 | D:12     | Identified the +3 helmet of Onosch {rPois Regen+ Int-4} (You bought it in a shop on level 12 of the Dungeon)
 19506 | D:12     | Found Geosoenei's Book Boutique.
 19725 | Temple   | Entered the Ecumenical Temple
 20285 | D:12     | Found a staircase to the Orcish Mines.
 20493 | D:12     | Reached skill level 19 in Axes
 20626 | D:12     | You fall through a shaft for 2 floors!
 21374 | D:13     | Found a gateway to a bazaar.
 21383 | Bazaar   | Entered a bazaar
 21400 | Bazaar   | Found Edgheb's Antique Armour Emporium.
 21404 | Bazaar   | Bought a pair of pitted gloves for 313 gold pieces
 21415 | Bazaar   | Found Tixzab's Jewellery Emporium.
 21415 | Bazaar   | Found Deuxtorulu's Weapon Shoppe.
 21436 | Bazaar   | Found Waumatt's Weapon Emporium.
 21436 | Bazaar   | Found Ruragra's Assorted Antiques.
 21457 | Bazaar   | Found Namixko's Antique Weapon Emporium.
 21457 | Bazaar   | Found Muegg's Weapon Shoppe.
 21489 | Bazaar   | Identified the cursed +0 pair of gloves of the Slorg {Dex+3} (You bought it in a shop in a bazaar)
 21773 | D:13     | Reached ****** piety under Kikubaaqudgha
 21981 | D:3      | Identified a +6 battleaxe of pain (a +4 battleaxe of freezing bloodied by Kikubaaqudgha)
 21981 | D:3      | Received a gift from Kikubaaqudgha
 22293 | Lair:4   | Reached skill level 10 in Fighting
 22599 | Lair:4   | Reached XP level 14. HP: 122/122 MP: 14/14
 23898 | Lair:6   | Entered Level 6 of the Lair of Beasts
 24179 | Lair:6   | Noticed Josephine
 24187 | Lair:6   | Killed Josephine
 24263 | Lair:6   | Reached skill level 10 in Necromancy
 25046 | Lair:6   | Found a staircase to the Slime Pits.
 25172 | Lair:6   | Noticed a dire elephant
 25179 | Lair:6   | Killed a dire elephant
 25385 | Lair:6   | Reached XP level 15. HP: 126/137 MP: 12/15
 25774 | Swamp:1  | Entered Level 1 of the Swamp
 25865 | Swamp:1  | Slain by a komodo dragon

Skill      XL: |  1  2  3  4  5  6  7  8  9 10 11 12 13 14 15 |
---------------+----------------------------------------------+-----
Maces & Flails | 3 4 5 7 8 |  8.5
Axes           | 5 10 13 16 17 19 | 19.8
Fighting       | 4 7 9 10 13 14 | 14.0
Necromancy     | 6 7 8 11 | 11.7
Dodging        | 5 |  5.4
Armour         | 8 |  8.0
Shields        | |  3.2

Action                   |  1- 3 |  4- 6 |  7- 9 | 10-12 | 13-15 || total
-------------------------+-------+-------+-------+-------+-------++-------
Melee: Mace              |    57 |   166 |    57 |       |       ||   280
       Flail             |     6 |       |       |       |       ||     6
       Club              |       |     3 |       |       |       ||     3
       Battleaxe         |       |       |   261 |   508 |   595 ||  1364
Throw: Stone             |     3 |       |     5 |    18 |     1 ||    27
 Cast: Animate Skeleton  |       |       |       |    21 |    66 ||    87
Invok: Brand Weapon With |       |       |       |       |     1 ||     1
  Use: Scroll            |       |     4 |    11 |    11 |    20 ||    46
       Potion            |       |     2 |       |     9 |     6 ||    17
 Stab: Sleeping          |       |       |       |     4 |       ||     4
       Distracted        |       |       |       |       |     3 ||     3
  Eat: Chunk             |     1 |     5 |    12 |    13 |    17 ||    48
       Meat ration       |       |       |     1 |     1 |       ||     2
       Bread ration      |       |       |       |     4 |     3 ||     7
Armor: Scale mail        |    14 |    87 |    99 |   177 |   219 ||   596
Dodge: Dodged            |    11 |    46 |   113 |   222 |   359 ||   751
Block: Shield            |    21 |    83 |    20 |       |       ||   124
